AoeStats
← Barbarianu

Arena

509108328Analyzed
3v3 RM · 7d ago on Sep 25, 2026· 15m 26s· 6 players
Game mode
Random Map
Map size
Normal (6 player)
Population
200
Speed
Normal
Resources
Standard
Victory
Conquest
Starting age
Dark Age
Ending age
Imperial Age
RankedLock teamsTeams togetherTeam positionsShared explorationLock speedFull tech treeHidden civsTurbo modeCheats
Victory
Defeat
🇨🇳 Cumans · China
1195
+14
🇩🇪 Vietnamese · Germany
1137
+16
🇷🇴 Dravidians · Romania
1112
+17
1158
-16
1148
-16
🇨🇳 Goths · China
1131
-15
メルフィー·ラビィ
10:07 Feudal Age
11:03 Double-Bit Axe
13:46 Castle Age
12:05 Horse Collar
15:44 Bow Saw
エドワフラン・スカー
9:44 Feudal Age
13:50 Castle Age
12:43 Loom
15:47 Fletching
嗷呜一口吃掉
10:23 Feudal Age
14:25 Castle Age
13:43 Double-Bit Axe
FBM
12:07 Feudal Age
17:10 Castle Age
15:11 Double-Bit Axe
15:08 Horse Collar
Barbarianu
10:31 Feudal Age
11:45 Double-Bit Axe
12:59 Loom
16:18 Castle Age
apple11
2:23 Loom
10:19 Feudal Age
10:56 Man-at-Arms
13:57 Scale Mail Armor
Connection lost

Rejoining the realm…

Still unreachable

The connection could not be restored.

Session expired

The server has moved on; the page needs a fresh start.